 Dungeon Crawl Stone Soup version 0.28-a0-1234-g826d19b2e0 (webtiles) character file.

Game seed: 11091184130813876571

5574 porpoise the Basher (level 10, 66/66 HPs)
             Began as a Gargoyle Fighter on Dec 24, 2021.
             Was a Believer of Vehumet.
             Quit the game on level 9 of the Dungeon.
             The game lasted 00:41:45 (10013 turns).

porpoise the Basher (Gargoyle Fighter)             Turns: 10013, Time: 00:41:46

Health: 66/66      AC: 17    Str: 20    XL:     10   Next: 72%
Magic:  10/10      EV: 26    Int: 17    God:    Vehumet [**....]
Gold:   431        SH:  5    Dex: 11    Spells: 9/9 levels left

rFire   . . .      SeeInvis .   a - +3 whip (elec)
rCold   + . .      Faith    .   c - +1 buckler
rNeg    + . .      Spirit   .   b - +0 scale mail
rPois   ∞          Reflect  .   k - +0 helmet
rElec   +          Harm     .   (no cloak)
rCorr   .          Rampage  .   (no gloves)
Will    .....                   v - +0 pair of boots "Lesmaroc" {rElec rC+}
Stlth   ..........              f - amulet of the acrobat
HPRegen 0.21/turn               j - +6 ring of intelligence
MPRegen 0.12/turn               O - ring of wizardry

@: acrobatic
A: sickness immunity, AC +7, negative energy resistance 1, electricity
resistance, torment resistance 1, petrification resistance
a: Renounce Religion


You were on level 9 of the Dungeon.
You worshipped Vehumet.
Vehumet was pleased with you.
You visited 2 branches of the dungeon, and saw 10 of its levels.
You also visited: Ossuary and Bailey.

You collected 431 gold pieces.

Inventory:

Hand Weapons
 a - a +3 whip of electrocution (weapon)
 o - a +3 scythe of venom
 p - a +4 rapier
 w - a +2 vorpal hand axe
Missiles
 d - 41 sling bullets
 g - 308 stones
 i - 206 arrows
 l - 7 poisoned darts (quivered)
 q - 4 atropa-tipped darts
 x - 3 throwing nets
 K - a curare-tipped dart
 L - 46 bolts
Armour
 b - a +0 scale mail (worn)
 c - a +1 buckler (worn)
 k - a +0 helmet (worn)
 v - the +0 pair of boots "Lesmaroc" (worn) {rElec rC+}
   (You acquired it on level 9 of the Dungeon)

   rC:        It protects you from cold.
   rElec:     It insulates you from electricity.
 R - +0 steam dragon scales
Jewellery
 f - an amulet of the acrobat (around neck)
 j - a +6 ring of intelligence (left hand)
 M - a +6 ring of dexterity
 O - a ring of wizardry (right hand)
 Q - a ring of flight
Wands
 h - a wand of flame (19)
 y - a wand of iceblast (2)
 N - a wand of paralysis (5)
Scrolls
 m - 2 scrolls of fear
 r - 2 scrolls of enchant armour
 t - a scroll of holy word
 u - 5 scrolls of teleportation
 C - a scroll of fog
 F - a scroll of enchant weapon
 G - a scroll of amnesia
Potions
 e - a potion of cancellation
 n - a potion of resistance
 s - 9 potions of curing
 z - a potion of mutation
 A - 2 potions of heal wounds
 B - a potion of ambrosia {unknown}
 D - 2 potions of lignification {unknown}
 E - a potion of might
 H - 2 potions of berserk rage {unknown}
 J - 2 potions of attraction {unknown}


   Skills:
 - Level 9.0 Fighting
 - Level 10.0 Maces & Flails
 - Level 7.0 Armour
 + Level 5.6 Dodging
 - Level 4.0 Shields
 + Level 2.8 Evocations


You had 9 spell levels left.
You didn't know any spells.
Your spell library contained the following spells:

 Spells                   Type           Power      Damage    Failure   Level
 Searing Ray              Conj           0%         2d4       32%         2
 Blink                    Tloc           0%         N/A       32%         2
 Manifold Assault         Tloc           0%         N/A       99%         5
 Storm Form               Tmut/Air       0%         N/A       100%        7


Dungeon Overview and Level Annotations

Branches:
Dungeon (9/15)             Temple (1/1) D:4         Ossuary (visited)
 Bailey (visited)
   Lair: D:8-11         Orc: D:9-12

Altars:
Ashenzari
Fedhas
Kikubaaqudgha
Nemelex Xobeh
Trog
Vehumet
The Shining One


Innate Abilities, Weirdness & Mutations

You are immune to sickness and miasma.
Your stone body is resilient. (AC +7)
You are immune to poison.
You resist negative energy. (rN+)
You are resistant to electric shocks. (rElec)
You are resistant to unholy torment.
You are immune to petrification.


Message History

You kill the killer bee!
Vehumet accepts your kill.
You miss the killer bee. The killer bee closely misses you.
You closely miss the killer bee. The killer bee stings you.
You whack the killer bee!
The killer bee is severely wounded.
The killer bee closely misses you. You block the killer bee's attack.
You miss the killer bee.
The killer bee is severely wounded.
The killer bee closely misses you.
You closely miss the killer bee.
The killer bee is severely wounded.
The killer bee stings you but does no damage.
You whack the killer bee!
Lightning courses through the killer bee!
You kill the killer bee!
Vehumet accepts your kill.
No target in view!
Things that are here:
a killer bee corpse; a killer bee corpse You start resting.
A killer bee comes into view.
A killer bee is nearby!
The killer bee buzzes angrily.
The killer bee stings you. You block the killer bee's attack.
You hit the killer bee.
Lightning courses through the killer bee!
The killer bee is almost dead.
The killer bee barely misses you.
You whack the killer bee!
Lightning courses through the killer bee!
You kill the killer bee!
Vehumet accepts your kill.
Vehumet offers you knowledge of Searing Ray.
Things that are here:
a killer bee corpse; a killer bee corpse You start resting.
HP restored.
Unknown command.
Are you sure you want to abandon this character and quit the game? (Confirm with "yes".)

...#..# ...#..#
####..## ### ##[.#
#.. ##..#######
#.# ##..)).....#
#.# #..........#
#.# #.≈≈≈≈≈....#
#.# .##.≈...≈....#
#@# ....≈>∩.≈....#
#†# .##.≈...≈....#
#.# #.≈≈)≈≈....#
#.# #.).)......#
#.#
##........####.#
#######..#....#
.#########..##.###
...........>...#


There were no monsters in sight!

Vanquished Creatures
  A troll (D:9)
  Grinder (D:5)
  Sigmund (D:5)
  A shadow (D:9)
  A wyvern (D:9)
  Menkaure (D:5)
  A steam dragon (D:8)
  A water moccasin (D:7)
  4 ice beasts
  2 sky beasts
  2 necrophages
  5 centaurs
  2 ogres
  2 kobold brigands
  A phantom (D:6)
  Blork the orc (D:5)
  10 scorpions
  5 killer bees (D:9)
  11 wights
  A vampire bat (D:3)
  2 howler monkeys (D:7)
  4 centaur zombies
  2 bullfrog zombies
  A human zombie (Ossuary)
  A jelly (D:6)
  A centaur skeleton (D:7)
  3 hounds
  2 orc priests
  2 gnoll shamans
  An iguana (D:4)
  Natasha (thrice) (D:2)
  8 scorpion zombies (Ossuary)
  4 orc wizards
  A killer bee zombie (D:6)
  3 mummies (Ossuary)
  A howler monkey zombie (D:9)
  19 gnolls
  5 adders
  A howler monkey skeleton (D:6)
  2 shadow imps
  A white imp (D:8)
  2 ufetubi (D:5)
  2 adder skeletons (D:4)
  2 dart slugs
  3 fire bats (D:3)
  13 orcs
  2 spectral bats (D:3)
  4 ball pythons
  3 bat skeletons (D:3)
  A bat zombie (D:3)
  7 endoplasms
  A giant cockroach (D:1)
  2 gnoll zombies (Ossuary)
  9 goblins
  12 hobgoblins
  6 jackals
  15 kobolds
  2 quokkas
  16 bats
  A bat simulacrum (D:3)
  4 frilled lizards
  3 goblin zombies
  A hobgoblin zombie (Ossuary)
  3 kobold zombies
  2 orc zombies (Ossuary)
  6 rats
  A rat zombie (D:5)
244 creatures vanquished.

Notes
Turn   | Place    | Note
-------+----------+-------------------------------------------
     0 | D:1      | porpoise the Gargoyle Fighter began the quest for the Orb.
     0 | D:1      | Reached XP level 1. HP: 14/14 MP: 1/1
   403 | D:1      | Reached XP level 2. HP: 20/20 MP: 2/2
  1063 | D:2      | Reached XP level 3. HP: 24/24 MP: 3/3
  1580 | D:2      | Noticed Natasha
  1588 | D:2      | Killed Natasha
  1589 | D:2      | Reached skill level 3 in Maces & Flails
  1589 | D:2      | Reached XP level 4. HP: 24/30 MP: 4/4
  1623 | D:2      | Noticed Natasha
  1629 | D:2      | Killed Natasha
  1876 | D:2      | Noticed Natasha
  1878 | D:2      | Killed Natasha
  1879 | D:2      | Reached XP level 5. HP: 34/34 MP: 5/5
  2311 | D:3      | You fall into a shaft and drop 3 floors!
  2321 | D:6      | Noticed a centaur
  2327 | D:6      | Killed a centaur
  2328 | D:6      | Reached skill level 5 in Fighting
  2328 | D:6      | Reached skill level 4 in Maces & Flails
  2465 | D:6      | Reached XP level 6. HP: 36/40 MP: 6/6
  2546 | D:6      | Noticed a sky beast
  2594 | D:6      | Killed a sky beast
  2597 | D:6      | Reached skill level 5 in Maces & Flails
  2597 | D:6      | Reached XP level 7. HP: 18/46 MP: 7/7
  3063 | D:6      | Reached skill level 6 in Maces & Flails
  3078 | D:5      | Entered Level 5 of the Dungeon
  3181 | D:5      | Noticed Menkaure
  3189 | D:5      | Reached XP level 8. HP: 47/53 MP: 8/8
  3196 | D:5      | Killed Menkaure
  3198 | D:5      | Found a sand-covered staircase.
  3323 | Ossuary  | Entered an ossuary
  3438 | Ossuary  | Reached skill level 7 in Maces & Flails
  3887 | Ossuary  | Reached skill level 8 in Maces & Flails
  3897 | Ossuary  | Reached XP level 9. HP: 60/60 MP: 9/9
  4331 | D:5      | Noticed Grinder
  4342 | D:5      | Killed Grinder
  4343 | D:5      | Reached skill level 9 in Maces & Flails
  4432 | D:5      | Noticed Sigmund
  4451 | D:5      | Killed Sigmund
  4507 | D:5      | Noticed Blork the orc
  4522 | D:5      | Killed Blork the orc
  4550 | D:5      | Reached skill level 10 in Maces & Flails
  4849 | D:3      | Reached skill level 1 in Dodging
  6539 | D:4      | Found a staircase to the Ecumenical Temple.
  6549 | Temple   | Entered the Ecumenical Temple
  6614 | Temple   | Became a worshipper of Vehumet
  6953 | D:5      | Reached skill level 5 in Armour
  7180 | D:6      | Reached XP level 10. HP: 60/66 MP: 10/10
  7630 | D:7      | Reached * piety under Vehumet
  7630 | D:7      | Offered knowledge of Foxfire by Vehumet.
  9040 | D:8      | Reached skill level 5 in Dodging
  9077 | D:8      | Found a blossoming altar of Fedhas.
  9294 | D:8      | Found a broken altar of Ashenzari.
  9294 | D:8      | Found a bloodstained altar of Trog.
  9331 | D:9      | Reached skill level 1 in Evocations
  9335 | D:9      | Identified a scroll of acquirement
  9335 | D:9      | Acquired the +0 pair of boots "Lesmaroc" {rElec rC+}
  9354 | D:9      | Found an ancient bone altar of Kikubaaqudgha.
  9383 | D:9      | Noticed a two-headed ogre
  9551 | D:9      | Found a flagged portal.
  9592 | Bailey   | Entered a bailey
  9962 | D:9      | Reached ** piety under Vehumet
  9970 | D:9      | Offered knowledge of Searing Ray by Vehumet.
 10013 | D:9      | Quit the game

Illustrated notes

Levels and vault maps discovered:
D:1:      tarquinn_simple_flora_water_b, layout_basic, minmay_strange_pillars
D:2:      layout_basic, uniq_natasha
D:3:      layout_loops_cross, goddamned_bats
D:4:      layout_basic, minmay_temple_entry_poolview
D:5:      layout_loops_cross, enter_ossuary_3, minivault_4, uniq_menkaure,
          uniq_grinder, uniq_sigmund, uniq_blork_the_orc
D:6:      layout_basic
D:7:      kennysheep_six_static_rooms, layout_rooms, grunt_ministairs_9,
          eino_tiny_chamber
D:8:      layout_rooms, gammafunk_temple_overflow_wave, lemuel_crystal_altar
D:9:      layout_basic, kiku_gazebo_pond_becter, gammafunk_ghost_arena,
          enter_bailey_5, uniq_prince_ribbit1
Temple:   regret_index_temple_generic_petals

Skill      XL: |  1  2  3  4  5  6  7  8  9 10 |
---------------+-------------------------------+-----
Fighting       | 4 5 6 7 9 |  9.0
Maces & Flails | 3 4 5 6 8 10 | 10.0
Shields        | 4 |  4.0
Dodging        | 3 5 |  5.6
Armour         | 5 7 |  7.0
Evocations     | 2 |  2.8

Action                   |  1- 3 |  4- 6 |  7- 9 | 10-12 || total
-------------------------+-------+-------+-------+-------++-------
Melee: Flail             |     7 |       |       |       ||     7
       Hand axe          |    16 |       |   103 |     6 ||   125
       Whip              |    63 |    62 |   426 |   264 ||   815
Throw: Dart              |       |     2 |     5 |    21 ||    28
       Boomerang         |       |       |     9 |     3 ||    12
       Stone             |       |       |       |     1 ||     1
  Use: Scroll            |       |     3 |    10 |     6 ||    19
       Potion            |       |       |     2 |     1 ||     3
Armor: Scale mail        |    31 |    37 |   185 |    97 ||   350
Dodge: Dodged            |    23 |    15 |   205 |   133 ||   376
Block: Buckler           |    13 |     8 |    80 |    48 ||   149

Table legend: (Time is in decaauts)
 A = Elapsed time spent in this place.
 B = Non-inter-level travel time spent in this place.
 C = Inter-level travel time spent in this place.
 D = Time resting spent in this place.
 E = Time spent auto-exploring this place.
 F = Levels seen in this place.
 G = Mean time per level.
                   A        B        C        D        E       F      G
               +--------+--------+--------+--------+--------+-----+--------+
         Total |   9764 |   9466 |    298 |   2925 |   4455 |  12 |  813.7 |
       Dungeon |   8841 |   8561 |    280 |   2541 |   4348 |   9 |  982.3 |
        Temple |     83 |     65 |     18 |      0 |     50 |   1 |   83.0 |
       Ossuary |    743 |    743 |      0 |    308 |     57 |   1 |  743.0 |
        Bailey |     95 |     95 |      0 |     76 |      0 |   1 |   95.0 |
               +--------+--------+--------+--------+--------+-----+--------+

Top non-repeatable levels by time:
     D:2: 1368 daAuts
     D:6: 1213 daAuts
     D:1: 1063 daAuts
     D:7: 1012 daAuts
     D:5: 983 daAuts
     D:3: 975 daAuts
     D:4: 863 daAuts
     D:8: 799 daAuts
 Ossuary: 743 daAuts
     D:9: 561 daAuts
  Bailey: 95 daAuts
  Temple: 83 daAuts
